 Dungeon Crawl Stone Soup version 0.26-a0-651-gb41185065b (webtiles) character file.

Game seed: 17404556041141663276

66636 gbos the Warrior (level 14, -4/151 HPs)
             Began as a Deep Dwarf Fighter on Oct 14, 2020.
             Was the Champion of Makhleb.
             Slain by an orc knight
             ... wielding a +1 great sword of electrocution
              (31 damage)
             ... on level 2 of the Orcish Mines.
             The game lasted 00:52:00 (20060 turns).

gbos the Warrior (Deep Dwarf Fighter)              Turns: 20060, Time: 00:52:00

Health: -4/151     AC: 26    Str: 25    XL:     14   Next: 80%
Magic:  21/21      EV:  7    Int:  7    God:    Makhleb [******]
Gold:   755        SH: 10    Dex: 13    Spells: 13/13 levels left

rFire    + + .     SeeInvis .   a - +5 hand axe (vamp)
rCold    + . .     Faith    .   q - +1 buckler
rNeg     + + +     Spirit   .   t - +4 plate armour {MR+}
rPois    +         Reflect  +   x - -2 hat of the Alchemist {rElec rPois rF+ rC+ rN+ MR+ rMut rCorr}
rElec    +         Harm     .   J - +2 ratskin cloak {*Rats rPois rN+ Str-1 Int-1 Dex+1}
rCorr    +         Rampage  .   K - +0 pair of gloves
rMut     +                      h - +2 pair of boots
MR       ++++.                  H - amulet of reflection
Stlth    ..........             Y - ring of positive energy
HPRegen  0.00/turn              B - ring of protection from fire
MPRegen  0.17/turn

@: non-regenerating
A: damage resistance, heal wounds, negative energy resistance 1, sense
surroundings 2, no regeneration
a: Heal Wounds, Minor Destruction, Lesser Servant of Makhleb, Major Destruction,
Greater Servant of Makhleb, Renounce Religion


You were on level 2 of the Orcish Mines.
You worshipped Makhleb.
Makhleb was exalted by your worship.
You visited 5 branches of the dungeon, and saw 23 of its levels.
You also visited: Bailey.

You collected 3315 gold pieces.
You spent 2560 gold pieces at shops.


Innate Abilities, Weirdness & Mutations

You are resistant to damage.
You can heal yourself by infusing magical energy.
You resist negative energy. (rN+)
You passively map the area around you.
You do not regenerate.


   Skills:
 + Level 16.5 Fighting
 - Level 10.2 Axes
 - Level 12.1 Armour
 - Level 3.2 Shields
 - Level 14.0 Invocations
 - Level 8.0 Evocations


You had 13 spell levels left.
You didn't know any spells.
Your spell library contained the following spells:

 Spells                   Type           Power        Failure   Level
 Animate Skeleton         Necr           #.....       99%         1
 Beastly Appendage        Tmut           #.....       99%         1
 Corona                   Hex            #......      99%         1
 Foxfire                  Conj/Fire      #...         99%         1
 Freeze                   Ice            #...         99%         1
 Magic Dart               Conj           #...         99%         1
 Pain                     Necr           #...         99%         1
 Shock                    Conj/Air       #...         99%         1
 Summon Small Mammal      Summ           #...         99%         1
 Blink                    Tloc           N/A          100%        2
 Call Imp                 Summ           #.......     100%        2
 Slow                     Hex            #.......     100%        2
 Swiftness                Air            #.......     100%        2
 Wereblood                Tmut           #.......     100%        2
 Call Canine Familiar     Summ           #.......     100%        3
 Conjure Flame            Conj/Fire      #.......     100%        3
 Frozen Ramparts          Ice            #.....       100%        3
 Inner Flame              Hex/Fire       #.......     100%        3
 Mephitic Cloud           Conj/Pois/Air  #.......     100%        3
 Ozocubu's Armour         Ice            #.......     100%        3
 Portal Projectile        Hex/Tloc       #.....       100%        3
 Spider Form              Tmut/Pois      #.........   100%        3
 Static Discharge         Conj/Air       #.......     100%        3
 Summon Guardian Golem    Hex/Summ       #.......     100%        3
 Vampiric Draining        Necr           #.........   100%        3
 Airstrike                Air            #.........   100%        4
 Animate Dead             Necr           #.........   100%        4
 Cause Fear               Hex            #.........   100%        4
 Hailstorm                Conj/Ice       #.......     100%        4
 Ice Form                 Ice/Tmut       #.......     100%        4
 Leda's Liquefaction      Hex/Erth       #.........   100%        4
 Sticky Flame             Conj/Fire      #.......     100%        4
 Summon Ice Beast         Ice/Summ       #.......     100%        4
 Summon Lightning Spire   Summ/Air       #.......     100%        4
 Agony                    Necr           #.......     100%        5
 Blade Hands              Tmut           #.........   100%        5
 Fireball                 Conj/Fire      #.........   100%        5
 Lightning Bolt           Conj/Air       #.........   100%        5

Inventory:

Hand Weapons
 a - a +5 vampiric hand axe (weapon)
 b - a +0 hand crossbow
 j - the +5 war axe "Caheav" {drain, rC+} A truly terrible weapon, it drains the life of those it strikes. It protects you from cold.
 N - a +0 broad axe
Missiles
 f - 79 poisoned darts
 l - 3 throwing nets {=f}
 w - 9 atropa-tipped darts
 E - 63 bolts
 W - 9 curare-tipped darts (quivered) {=f}
Armour
 h - a +2 pair of boots (worn)
 q - a +1 buckler (worn)
 t - a +4 plate armour of magic resistance (worn)
 x - the -2 hat of the Alchemist (worn) {rElec rPois rF+ rC+ rN+ MR+ rMut rCorr}

   It protects you from fire.
   It protects you from cold.
   It insulates you from electricity.
   It protects you from poison.
   It protects you from negative energy.
   It affects your resistance to hostile enchantments.
   It provides partial protection from all sources of acid and corrosion.
   It protects you from mutation.
 J - the +2 ratskin cloak (worn) {*Rats rPois rN+ Str-1 Int-1 Dex+1}

   It affects your strength (-1).
   It affects your intelligence (-1).
   It affects your dexterity (+1).
   It protects you from poison.
   It protects you from negative energy.
 K - a +0 pair of gloves (worn)
 O - the +1 cloak of Qazlal's Inspiration {rF+ rN+}

   It protects you from fire.
   It protects you from negative energy.
 X - a +2 hat of see invisible
Jewellery
 y - an uncursed ring of positive energy
 B - a ring of protection from fire (right hand)
 H - an amulet of reflection (around neck)
 L - an uncursed ring of flight
 P - an uncursed ring of wizardry
 Y - a ring of positive energy (left hand)
Wands
 u - a wand of acid (31)
 z - a wand of digging (10)
 F - a wand of polymorph (9)
 I - a wand of flame (18)
 M - a wand of enslavement (6)
 Z - a wand of random effects (42)
Scrolls
 c - 4 scrolls of blinking
 i - 15 scrolls of identify {@r1}
 k - 3 scrolls of immolation {!r}
 m - 2 scrolls of fear
 n - 15 scrolls of remove curse
 r - 10 scrolls of teleportation {@r4}
 v - 4 scrolls of enchant weapon
 G - 3 scrolls of magic mapping
 Q - 4 scrolls of fog
 R - 5 scrolls of summoning
 U - 2 scrolls of holy word
Potions
 d - 8 potions of might
 e - a potion of invisibility
 g - 2 potions of curing {@q1}
 o - 3 potions of flight
 p - 3 potions of heal wounds {@q2}
 s - 4 potions of lignification {!q}
 A - a potion of resistance
 C - 2 potions of brilliance
 D - 4 potions of berserk rage {!q}
 S - a potion of cancellation
 T - 4 potions of haste {@q3}
 V - 2 potions of mutation {!q}

Dungeon Overview and Level Annotations

Branches:
Dungeon (13/15)            Temple (1/1) D:5            Lair (6/6) D:8
  Swamp (0/4) Lair:4       Spider (1/4) Lair:3        Slime (0/5) Lair:5
    Orc (2/2) D:10            Elf (0/3) Orc:2        Vaults (0/5) D:13
 Bailey (visited)

Altars:
Ashenzari
Cheibriados
Dithmenos
Elyvilon
Fedhas
Gozag
Hepliaklqana
Kikubaaqudgha
Makhleb
Nemelex Xobeh
Okawaru
Qazlal
Ru
Sif Muna
Trog
Uskayaw
Vehumet
Wu Jian
Xom
Yredelemnul
Zin
The Shining One
Beogh
Jiyva

Shops:
D:4 ?   D:6 }   D:9 (   D:12 [   Orc:1 [}:[   Orc:2 *[

Annotations:
D:3 2 runed translucent doors, catramo's ghost, amateur PaMo
D:5 3 runed translucent doors, p0werm0de's ghost, novice OpCK
D:6 2 runed translucent doors, Finra's ghost, novice MiFi
D:12 3 runed translucent doors, Amousmie's ghost, journeyman DDFi
Lair:2 1 runed translucent door, exclusion: 3 oklob plants, Ozzies's ghost, journeyman GrFi , ∩ ▒.▒............ ∩, ,░░ , .∩▒ ▒..▒▒.......... ,, ░ ..▒ ▒.▒▒▒▒.▒▒▒..... ░ ,,,, ,▒▒.. ▒.▒▒.▒▒▒▒▒..... , ,,,... ▒.....▒ ▒...... ,░ , , , ▒oo░ ▒.▒▒.▒▒ ▒▒..... ,.. ,, ▒▒oo▒▒▒▒▒▒▒▒ ▒▒▒▒.... , ░ ,..., ▒oooo▒

▒▒.▒▒▒... ,, ▒.▒ ▒g▒ ▒...▒▒...
▒.▒, ▒▒r▒ ▒▒▒▒▒▒▒.▒▒.... ░ ▒.▒, ,
▒▒.r▒▒▒....▒........ , ░ ▒.▒
▒▒▒..▒▒▒..._..........
...▒▒▒▒.▒▒▒▒...▒▒ ▒▒.............
▒...........▒▒▒ ▒............▒.
▒▒▒▒▒▒.▒▒▒▒▒▒ ▒.)............
░▒▒▒▒▒▒.▒▒▒▒▒▒▒▒▒▒▒.)..▒.........
....................)).....▒.▒...


You could see 3 orc knights, 2 orc high priests, an orc sorcerer (strong), an
orc warrior (strong), an orc priest (strong), a friendly hell rat and a friendly
river rat.


Message History

The orc knight hits you with a +1 great sword of electrocution!!
* * * LOW HITPOINT WARNING * * *
You hit the orc knight.
The orc knight is almost dead.
You barely miss the orc warrior.
An orc priest comes into view. It is wielding a +0 flail.
You block the orc knight's attack.
You closely miss the orc knight.
The orc knight is almost dead.
Your plate armour prevents you from hitting the orc warrior.
The orc warrior hits you with a +0 mace.
The orc high priest invokes the aid of Beogh against you.
Beogh smites you!
* * * LOW HITPOINT WARNING * * *
A river rat scurries out from under your cloak.
The orc high priest invokes the aid of Beogh against you.
Beogh smites you!
* * * LOW HITPOINT WARNING * * *
You hear a shout!
Use which ability? (? or * to list)
An orc warrior comes into view. It is wielding a +2 halberd of flaming.
You block the orc knight's attack.
The orc high priest invokes the aid of Beogh against you.
Beogh smites you!
* * * LOW HITPOINT WARNING * * *
You hit the orc knight but do no damage.
The orc knight is almost dead.
You completely miss the orc warrior.
The orc knight hits you with a +1 great sword of electrocution!!
You die...

Action                   |  1- 3 |  4- 6 |  7- 9 | 10-12 | 13-15 || total
-------------------------+-------+-------+-------+-------+-------++-------
Melee: War axe           |    67 |   129 |     1 |       |       ||   197
       Hand axe          |       |    70 |   303 |  1210 |  1055 ||  2638
       Broad axe         |       |       |       |     4 |       ||     4
 Fire: Hunting sling     |       |       |    98 |    28 |       ||   126
       Hand crossbow     |       |       |       |       |    78 ||    78
Throw: Dart              |       |    14 |     4 |       |    17 ||    35
Invok: Lesser Servant of |       |       |       |     9 |     3 ||    12
       Greater Servant o |       |       |       |     1 |     3 ||     4
 Abil: Heal Wounds       |     1 |     2 |       |     6 |     4 ||    13
       Evoke Flight      |       |       |     1 |       |       ||     1
Evoke: Wand              |       |       |     4 |    14 |    19 ||    37
  Use: Potion            |       |     1 |       |     2 |     2 ||     5
       Scroll            |       |       |     8 |    21 |     8 ||    37
 Stab: Paralysed         |       |     1 |       |     7 |    11 ||    19
       Petrified         |       |       |       |     3 |       ||     3
       Distracted        |       |       |       |     9 |     1 ||    10
Armor: Scale mail        |    23 |    93 |    94 |       |       ||   210
       Plate armour      |       |       |    64 |   616 |   713 ||  1393
       Skin              |       |       |       |       |    15 ||    15
Dodge: Dodged            |    16 |    95 |   102 |   259 |   338 ||   810
Block: Kite shield       |    33 |    21 |       |       |       ||    54
       Buckler           |       |    45 |    71 |   488 |   646 ||  1250
       Reflection        |       |       |     9 |    17 |    17 ||    43

Levels and vault maps discovered:
D:1:      onia_arrival_zoo_common, layout_basic
D:2:      layout_basic, kennysheep_donut
D:3:      layout_loops_ring, ebering_ghost_disaster_area,
          chequers_ecumenical_altar_simple
D:4:      layout_gridville, serial_shops, nicolae_shop_waterfront
D:5:      layout_basic, lemuel_crystal_altar, nicolae_overflow_crystal_walls,
          zin_angel, nicolae_ru_great_annihilating_truth, temple_hall,
          gammafunk_ghost_necromancy, uniq_ijyb
D:6:      layout_loops_ring, serial_shops, shop, ebering_ghost_disaster_area,
          serial_glass, glass_columns_a, glass_columns_a
D:7:      layout_rooms, hex_large, nemelex_lonely_heart_becter, uniq_menkaure,
          uniq_duvessa
D:8:      layout_basic, due_lair_maze_entry_diamond, basic_altar, enter_bailey_3
D:9:      layout_irregular_city, lemuel_coloured_pillars_altar, serial_shops,
          shop, trog_hazing_becter, uniq_psyche, uniq_erica
D:10:     layout_irregular_city, david_orc_2, grunt_qazlal_sundering
D:11:     layout_roguey, nooodl_orcs_dogs, uniq_josephine
D:12:     layout_rooms, gammafunk_ghost_spectres, serial_shops,
          nicolae_shop_trees
D:13:     layout_loops_ring, david_vaults_5, uniq_sonja
Temple:   bh_familiar_temple
Lair:1:   layout_chaotic_city, chequers_serial_rivers_room_b,
          lemuel_fruit_fields
Lair:2:   layout_regular_city, gauntlet_entry_generic,
          ebering_ghost_funeral_grove, worms_lemuel, minmay_lair_oklob_chamber,
          grunt_megastairs_3, serial_bayou_shore_b, lemuel_fruit_tree,
          uniq_gastronok
Lair:3:   layout_chaotic_city, spider_nest_entry_web_field,
          columned_hall_lemuel, minivault_11, bh_autumn_forest_stairs
Lair:4:   cheibrodos_lair_overgrown_chateau, layout_regular_city,
          nicolae_swamp_entry_splash_gauntlet, portal_ice_cave_entry_pillars_2
Lair:5:   layout_roguey, dpeg_slime_entry_enclosed_altar, serial_bayou_crossing
Lair:6:   minmay_lair_end_frog_pond, layout_loops_ring, basic_altar
Spider:1: mumra_spider_spiderweb, uniq_nikola
Orc:1:    layout_diamond_mine, basic_altar, serial_shops, shop,
          nicolae_shop_window_shopping, shop, nicolae_shop_statue_plus,
          uniq_harold
Orc:2:    st_orc_elflike, layout_caves, serial_shops, shop, bloody_makhleb

Notes
Turn   | Place    | Note
-------+----------+-------------------------------------------
     0 | D:1      | gbos the Deep Dwarf Fighter began the quest for the Orb.
     0 | D:1      | Reached XP level 1. HP: 20/20 MP: 1/1
     6 | D:1      | Noticed a killer bee
     6 | D:1      | Noticed a komodo dragon
     6 | D:1      | Noticed a salamander
     7 | D:1      | Noticed a swamp worm
     7 | D:1      | Noticed a polar bear
   653 | D:2      | Reached skill level 3 in Fighting
   653 | D:2      | Reached XP level 2. HP: 25/28 MP: 2/2
   705 | D:2      | Reached skill level 3 in Axes
   711 | D:2      | Reached XP level 3. HP: 17/34 MP: 3/3
  1056 | D:2      | Reached XP level 4. HP: 36/44 MP: 4/4
  1505 | D:3      | Reached skill level 4 in Axes
  1707 | D:3      | Reached skill level 4 in Fighting
  1811 | D:3      | Found a faded altar of an unknown god.
  1892 | D:3      | Reached XP level 5. HP: 17/50 MP: 5/5
  2012 | D:3      | Found a large runed translucent door.
  2012 | D:3      | Found a large runed translucent door.
  2013 | D:3      | Noticed catramo's ghost (amateur PaMo)
  2279 | D:4      | Found Kasixir's Magic Scroll Emporium.
  2288 | D:4      | Bought a scroll of teleportation for 33 gold pieces
  2288 | D:4      | Bought a scroll of blinking for 82 gold pieces
  2384 | D:4      | HP: 13/50 [worm (4)]
  2444 | D:4      | HP: 12/50 [orc (1)]
  2486 | D:4      | Reached skill level 5 in Axes
  2949 | D:5      | Entered Level 5 of the Dungeon
  2982 | D:4      | Bought a scroll of remove curse for 33 gold pieces
  3052 | D:5      | Found a stormy altar of Qazlal.
  3071 | D:5      | Found a sacrificial altar of Ru.
  3077 | D:5      | Reached XP level 6. HP: 29/58 MP: 6/6
  3095 | D:5      | Noticed Ijyb
  3106 | D:5      | Killed Ijyb
  3123 | D:5      | Reached skill level 5 in Fighting
  3146 | D:5      | Found a broken altar of Ashenzari.
  3175 | D:5      | Reached skill level 6 in Axes
  3191 | D:5      | Reached XP level 7. HP: 44/67 MP: 7/7
  3447 | D:5      | Found a runed translucent gate.
  3447 | D:5      | Found a runed translucent gate.
  3447 | D:5      | Found a runed translucent gate.
  3447 | D:5      | Noticed p0werm0de's ghost (novice OpCK)
  3530 | D:5      | Found a glowing silver altar of Zin.
  3530 | D:5      | Noticed an angel
  3763 | D:5      | Found a staircase to the Ecumenical Temple.
  3824 | Temple   | Entered the Ecumenical Temple
  3888 | Temple   | Became a worshipper of Makhleb the Destroyer
  4107 | D:6      | Reached skill level 6 in Fighting
  4153 | D:6      | Reached skill level 7 in Axes
  4267 | D:6      | Reached XP level 8. HP: 62/78 MP: 8/8
  4296 | D:6      | Found a large runed translucent door.
  4297 | D:6      | Found a large runed translucent door.
  4299 | D:6      | Noticed Finra's ghost (novice MiFi)
  4341 | D:6      | Reached skill level 7 in Fighting
  4341 | D:6      | Reached skill level 8 in Axes
  4755 | D:6      | Reached * piety under Makhleb
  4872 | D:6      | Found Somp's Gadget Emporium.
  4905 | D:6      | Reached skill level 4 in Armour
  5038 | D:7      | Reached skill level 9 in Axes
  5112 | D:7      | Noticed Dowan
  5112 | D:7      | Noticed Duvessa
  5145 | D:7      | Killed Duvessa
  5145 | D:7      | Reached skill level 5 in Armour
  5149 | D:7      | Gained mutation: You passively map the area around you.
                  | [Deep Dwarf growth]
  5149 | D:7      | Reached XP level 9. HP: 86/86 MP: 9/9
  5176 | D:7      | Killed Dowan
  5251 | D:7      | Found a sparkling altar of Nemelex Xobeh.
  5309 | D:7      | Noticed Menkaure
  5313 | D:7      | Killed Menkaure
  5331 | D:7      | Reached ** piety under Makhleb
  5331 | D:7      | Reached skill level 6 in Armour
  5343 | D:7      | Reached skill level 10 in Axes
  5676 | D:8      | Reached skill level 7 in Armour
  5749 | D:8      | Reached skill level 8 in Armour
  5765 | D:8      | Reached skill level 9 in Armour
  5790 | D:8      | Found a staircase to the Lair.
  5800 | D:8      | Found a flagged portal.
  5814 | Bailey   | Entered a bailey
  5901 | Bailey   | Reached skill level 1 in Invocations
  6106 | Bailey   | Reached skill level 2 in Invocations
  6106 | Bailey   | Reached XP level 10. HP: 91/94 MP: 9/11
  6134 | Bailey   | Reached *** piety under Makhleb
  6403 | D:8      | Reached skill level 3 in Invocations
  6446 | D:8      | Got a smoking cloak
  6451 | D:8      | Identified the +1 cloak of Qazlal's Inspiration {rF+ rN+}
                  | (You found it on level 8 of the Dungeon)
  6506 | D:8      | Reached skill level 4 in Invocations
  6526 | D:8      | Reached skill level 10 in Armour
  6727 | D:8      | Found a hazy altar of Hepliaklqana.
  6837 | D:9      | Found Nulajalu's Weapon Boutique.
  6863 | D:9      | Reached skill level 5 in Invocations
  6957 | D:9      | Reached **** piety under Makhleb
  7014 | D:9      | Reached skill level 6 in Invocations
  7040 | D:9      | Identified a +0 robe of the Archmagi
  7046 | D:9      | Noticed Erica
  7061 | D:9      | Killed Erica
  7061 | D:9      | Reached skill level 7 in Invocations
  7078 | D:9      | Noticed a two-headed ogre
  7088 | D:9      | Killed a two-headed ogre
  7088 | D:9      | Reached skill level 11 in Armour
  7122 | D:9      | Noticed Psyche
  7135 | D:9      | Killed Psyche
  7135 | D:9      | Reached skill level 8 in Invocations
  7269 | D:9      | Got a spiked scale mail
  7281 | D:9      | Identified the cursed +1 scale mail of the Evil One {-Tele
                  | Harm rC- Int+9} (You found it on level 9 of the Dungeon)
  7491 | D:9      | Found a blossoming altar of Fedhas.
  7636 | D:9      | Found a bloodstained altar of Trog.
  7727 | D:10     | Entered Level 10 of the Dungeon
  7763 | D:10     | Reached XP level 11. HP: 100/100 MP: 17/17
  7952 | D:10     | Found a stormy altar of Qazlal.
  7986 | D:10     | Found a staircase to the Orcish Mines.
  8024 | D:10     | Reached skill level 9 in Invocations
  8197 | D:10     | Reached ***** piety under Makhleb
  8229 | D:10     | Reached skill level 12 in Armour
  8478 | D:10     | Reached skill level 10 in Invocations
  8644 | D:11     | Noticed Josephine
  8677 | D:11     | Killed Josephine
  8695 | D:11     | Reached skill level 8 in Fighting
  8737 | D:11     | Reached skill level 11 in Invocations
  9501 | D:11     | Reached skill level 9 in Fighting
  9501 | D:11     | Reached skill level 12 in Invocations
  9882 | D:12     | Found a runed translucent gate.
  9882 | D:12     | Found a runed translucent gate.
  9883 | D:12     | Found a runed translucent gate.
  9885 | D:12     | Noticed Amousmie's ghost (journeyman DDFi)
  9949 | D:12     | Noticed a catoblepas
  9972 | D:12     | HP: 27/106 [catoblepas (9)]
  9988 | D:12     | Noticed a blizzard demon
  9988 | D:12     | HP: 10/106 [catoblepas (24)]
  9988 | D:12     | HP: 3/106 [yak (7)]
 10343 | D:12     | Reached XP level 12. HP: 48/115 MP: 21/21
 10352 | D:12     | Killed a catoblepas
 10371 | D:12     | Reached skill level 10 in Fighting
 10454 | D:12     | Found Saqout's Armour Boutique.
 11000 | Lair:1   | Entered Level 1 of the Lair of Beasts
 11038 | Lair:1   | Noticed a four-headed hydra
 11055 | Lair:1   | Killed a five-headed hydra
 11250 | Lair:1   | Reached skill level 11 in Fighting
 11995 | Lair:2   | Noticed Gastronok
 12012 | Lair:2   | Killed Gastronok
 12012 | Lair:2   | Reached skill level 12 in Fighting
 12092 | Lair:2   | Found a runed translucent door.
 12103 | Lair:2   | Noticed a four-headed hydra
 12115 | Lair:2   | Killed a four-headed hydra
 12141 | Lair:2   | Reached skill level 1 in Evocations
 12174 | Lair:2   | Noticed a seven-headed hydra
 12198 | Lair:2   | Killed a seven-headed hydra
 12198 | Lair:2   | Reached skill level 2 in Evocations
 12239 | Lair:2   | Noticed Ozzies's ghost (journeyman GrFi)
 12242 | Lair:2   | Found a gate leading to a gauntlet.
 12250 | Lair:2   | HP: 33/123 [cane toad (15)]
 12269 | Lair:2   | HP: 33/123 [crocodile (12)]
 12344 | Lair:2   | Reached skill level 3 in Evocations
 12460 | Lair:2   | Reached skill level 4 in Evocations
 12521 | Lair:2   | Identified the +9 trident of Accord {elec, rC- rN+ Dex+2}
 13164 | Lair:3   | Reached skill level 5 in Evocations
 13165 | Lair:3   | Reached XP level 13. HP: 130/130 MP: 22/22
 13484 | Lair:3   | Found a hole to the Spider Nest.
 14046 | Lair:4   | Reached skill level 6 in Evocations
 14068 | Lair:4   | Paralysed by a hornet for 1 turns
 14108 | Lair:4   | Reached skill level 13 in Fighting
 14137 | Lair:4   | Reached skill level 7 in Evocations
 14335 | Lair:4   | Found a frozen archway.
 14554 | Lair:4   | Identified a potion of resistance
 14644 | Lair:4   | Reached skill level 8 in Evocations
 15075 | Lair:4   | Found a staircase to the Swamp.
 15262 | Lair:5   | Found a viscous altar of Jiyva.
 15262 | Lair:5   | Found a staircase to the Slime Pits.
 15577 | Lair:5   | Identified a scroll of acquirement
 15577 | Lair:5   | Acquired the +5 war axe "Caheav" {drain, rC+}
 15967 | Lair:6   | Entered Level 6 of the Lair of Beasts
 16011 | Lair:6   | Found a shimmering altar of Xom.
 16100 | Lair:6   | Reached skill level 13 in Invocations
 16137 | Lair:6   | Reached skill level 14 in Fighting
 16327 | Lair:6   | Gained mutation: You resist negative energy. (rN+) [Deep
                  | Dwarf growth]
 16327 | Lair:6   | Reached XP level 14. HP: 138/144 MP: 24/24
 16342 | Lair:6   | Reached skill level 14 in Invocations
 16449 | Lair:6   | Reached ****** piety under Makhleb
 16529 | Lair:6   | Reached skill level 15 in Fighting
 17720 | D:12     | Bought a +2 plate armour of magic resistance for 600 gold
                  | pieces
 17754 | D:13     | Noticed Sonja
 17777 | D:13     | HP: 65/220 [poisoned by Sonja]
 18011 | D:13     | Paralysed by a hornet for 1 turns
 18115 | D:13     | Killed Sonja
 18342 | D:13     | Found a gate to the Vaults.
 18812 | Spider:1 | Entered Level 1 of the Spider Nest
 18866 | Spider:1 | Reached skill level 16 in Fighting
 19008 | Orc:1    | Entered Level 1 of the Orcish Mines
 19008 | Orc:1    | Found a roughly hewn altar of Beogh.
 19103 | Orc:1    | Found Yvyako's Gadget Boutique.
 19113 | Orc:1    | Noticed Harold
 19164 | Orc:1    | Killed Harold
 19251 | Orc:1    | Found Kylufexzump's Book Shop.
 19274 | Orc:1    | Found Huxzom's Armour Boutique.
 19400 | Orc:1    | Found Ysyecluh's Armour Shoppe.
 19410 | Orc:1    | Bought the +2 ratskin cloak {*Rats rPois rN+ Str-1 Int-1
                  | Dex+1} for 444 gold pieces
 19410 | Orc:1    | Found the +2 ratskin cloak {*Rats rPois rN+ Str-1 Int-1
                  | Dex+1}
 19511 | Orc:2    | Entered Level 2 of the Orcish Mines
 19525 | Orc:2    | Found Yhaded's Antique Armour Shoppe.
 19579 | Orc:2    | Found a staircase to the Elven Halls.
 19729 | Orc:2    | Bought the -2 hat of the Alchemist {rElec rPois rF+ rC+ rN+
                  | MR+ rMut rCorr} for 1368 gold pieces
 19729 | Orc:2    | Found the -2 hat of the Alchemist {rElec rPois rF+ rC+ rN+
                  | MR+ rMut rCorr}
 19803 | Orc:2    | Found a burning altar of Makhleb.
 19994 | Orc:2    | Found Cemmown's General Store.
 20056 | Orc:2    | HP: 39/151 [orc knight/+1 great sword of electrocution
                  | (27)]
 20058 | Orc:2    | HP: 19/151 [orc high priest/divine providence (12)]
 20060 | Orc:2    | Slain by an orc knight

Vanquished Creatures
  Josephine (D:11)
  Harold (Orc:1)
  5 hydras
  A vault guard (D:13)
  A catoblepas (D:12)
  2 centaur warriors (D:13)
  Erica (D:9)
  A death yak (Lair:6)
  A two-headed ogre (D:9)
  Sonja (D:13)
  2 orc knights (Orc:2)
  2 deep elf magi (D:13)
  3 orc sorcerers (Orc:2)
  2 manticores
  A cyclops (D:12)
  7 black mambas
  Psyche (D:9)
  4 gargoyles
  A centaur skeleton (D:13)
  25 cane toads
  2 rime drakes
  An efreet (D:11)
  4 komodo dragons
  5 trolls
  A polar bear (Lair:5)
  6 tyrant leeches
  2 bog bodies (Lair:4)
  3 hornets
  25 blink frogs
  3 hippogriffs
  5 wraiths (D:11)
  A vampire (D:10)
  8 redbacks (Spider:1)
  2 shadows
  40 yaks
  A wyvern (Lair:2)
  A basilisk (Lair:3)
  2 steam dragons
  9 vampire mosquitoes
  Menkaure (D:7)
  6 swamp worms
  4 wargs (D:11)
  Duvessa (D:7)
  11 water moccasins
  11 porcupines
  2 black bears
  5 ice beasts
  5 sky beasts
  28 orc warriors
  An eye of draining (D:13)
  3 phantoms (D:9)
  12 ogres
  11 crocodiles
  6 centaurs
  2 big kobolds
  25 bullfrogs
  A gnoll sergeant (D:5)
  Dowan (D:7)
  A wyvern skeleton (D:13)
  9 scorpions
  18 killer bees
  An electric eel (Lair:4)
  3 wights (D:7)
  A bullfrog zombie (D:11)
  26 orc wizards
  3 hounds
  2 jellies
  A quasit (D:8)
  3 orc priests
  An iguana (D:5)
  4 bullfrog skeletons
  Ijyb (D:5)
  9 worker ants
  A killer bee zombie (D:6)
  2 hound zombies (D:9)
  2 hound skeletons
  A worker ant zombie (D:6)
  15 adders
  15 gnolls
  3 shadow imps
  A white imp (D:5)
  4 ufetubi
  An adder zombie (D:8)
  An adder skeleton (D:5)
  2 worms
  A dart slug (D:2)
  4 leopard geckos
  80 orcs
  5 giant cockroaches
  7 hobgoblins
  31 kobolds
  2 quokkas
  2 bats
  8 frilled lizards
  A giant cockroach zombie (D:6)
  22 goblins
  A quokka zombie (D:5)
  4 rats
619 creatures vanquished.

Vanquished Creatures (collateral kills)
  Gastronok (Lair:2)
  3 hydras
  4 death yaks (Lair:6)
  An orc knight (Orc:1)
  A wolf spider (Spider:1)
  An ugly thing (D:12)
  A cyclops (Orc:1)
  An orb spider (Spider:1)
  2 cane toads
  A torpor snail (Spider:1)
  4 jumping spiders (Spider:1)
  5 blink frogs
  A redback (Spider:1)
  4 yaks
  An orc warrior (Orc:1)
  A bullfrog (D:12)
  An orc priest (Orc:1)
  3 orc wizards (Orc:1)
  3 orcs (Orc:1)
39 creatures vanquished.

Vanquished Creatures (others)
  An orc wizard (D:4)
  A bush (Lair:6)
  70 fungi
  159 plants
231 creatures vanquished.

Grand Total: 889 creatures vanquished
